 Dungeon Crawl Stone Soup version 0.26.1-2-gb8aa6d0cf2 (console) character file.

Game seed: 7819311479259665418

10561 om the Nimble (level 11, -4/81 HPs)
             Began as a Merfolk Berserker on Feb 19, 2021.
             Was a High Priest of Trog.
             Slain by a komodo dragon (22 damage)
             ... on level 10 of the Dungeon.
             The game lasted 00:25:38 (12438 turns).

om the Nimble (Merfolk Berserker)                  Turns: 12438, Time: 00:25:38

Health: -4/81      AC: 15    Str: 20    XL:     11   Next: 64%
Magic:  11/11      EV: 18    Int:  6    God:    Trog [*****.]
Gold:   586        SH:  0    Dex: 15    Spells: 10/10 levels left

rFire    . . .     SeeInvis .   I - +5 bardiche (flame)
rCold    + . .     Faith    .   (shield currently unavailable)
rNeg     . . .     Spirit   .   k - +3 scale mail {rC+}
rPois    .         Reflect  .   B - +0 helmet
rElec    .         Harm     .   (no cloak)
rCorr    +         Rampage  .   u - +0 pair of gloves
Will     ++...                  A - +0 pair of boots
Stlth    ..........             (no amulet)
HPRegen  1.23/turn              L - ring of resist corrosion
MPRegen  0.12/turn              w - ring of flight

@: about to teleport, regenerating
A: change form in water, swift swim, stealthy swim
a: Renounce Religion, Evoke Flight, Berserk, Trog's Hand, Brothers in Arms


You were on level 10 of the Dungeon.
You worshipped Trog.
Trog was extremely pleased with you.
You visited 1 branch of the dungeon, and saw 11 of its levels.
You also visited: Sewer.

You collected 586 gold pieces.

Inventory:

Hand Weapons
 a - a +0 spear
 f - a +0 trident
 s - a +0 scythe
 C - a +3 glaive of flaming
 H - the cursed +0 spear of Roffaatt {vorpal, rF+ Str+4, unknown}
   (You found it on level 9 of the Dungeon)

   It inflicts extra damage upon your enemies.
   It affects your strength (+4).
   It protects you from fire.
   It has a curse placed upon it.
 I - a +5 bardiche of flaming (weapon)
Armour
 k - a +3 scale mail of cold resistance (worn)
 u - a +0 pair of gloves (worn)
 A - a +0 pair of boots (worn)
 B - a +0 helmet (worn)
Jewellery
 d - an uncursed ring of poison resistance
 p - an uncursed ring of stealth
 w - a ring of flight (right hand)
 L - a ring of resist corrosion (left hand)
 N - an uncursed ring of ice {unknown}
Wands
 q - a wand of digging (3)
 v - a wand of flame (13)
Scrolls
 e - 6 scrolls of remove curse
 h - 2 scrolls of teleportation
 i - 2 scrolls of amnesia
 j - a scroll of fog
 n - 3 scrolls of immolation
 r - a scroll of magic mapping
 t - a scroll of enchant armour {unknown}
 y - a scroll of enchant weapon
 z - a scroll of random uselessness {unknown}
 E - a scroll of summoning {unknown}
 F - 2 scrolls of blinking {unknown}
 K - a scroll of fear
 M - 2 scrolls of identify
Potions
 b - a potion of brilliance {unknown}
 c - a potion of heal wounds
 g - 6 potions of ambrosia
 m - 2 potions of attraction
 o - 6 potions of lignification
 x - a potion of resistance
 D - a potion of haste {unknown}
 G - a potion of might
 J - a potion of cancellation {unknown}
Miscellaneous
 l - a box of beasts


   Skills:
 - Level 6.0 Fighting
 + Level 10.5 Polearms
 + Level 7.8 Armour
 + Level 12.5 Dodging
 * Level 8.3 Evocations


You had 10 spell levels left.
You didn't know any spells.
Your spell library was empty.

Dungeon Overview and Level Annotations

Branches:
Dungeon (11/15)            Temple (0/1) D:5            Lair (0/6) D:9
  Sewer (visited)
    Orc: D:9-12

Altars:
Ashenzari
Cheibriados
Dithmenos
Fedhas
Gozag
Hepliaklqana
Kikubaaqudgha
Makhleb
Okawaru
Sif Muna
Uskayaw
Wu Jian
Xom
Zin
The Shining One

Shops:
D:4 (   D:7 *   D:10 *


Message History

You are too injured to fight recklessly!
Okay, then.
As you read the scroll of teleportation, it crumbles to dust.
You feel strangely unstable. The adder barely misses you.
The komodo dragon barely misses you. The kobold barely misses you.
The two-headed ogre closely misses you.
The two-headed ogre completely misses you. x2
The two-headed ogre hits you but does no damage.
Your skin crawls.
You feel strong-willed. The adder closely misses you.
The komodo dragon closely misses you. The kobold completely misses you.
The two-headed ogre hits you but does no damage.
The two-headed ogre hits you with a +0 dire flail!
The two-headed ogre misses you. x2; The adder closely misses you.
You slice the adder!! You burn the adder.
You kill the adder!
Trog accepts your kill. The komodo dragon bites you!
* * * LOW HITPOINT WARNING * * *
The kobold closely misses you.
The two-headed ogre closely misses you. x2; The komodo dragon bites you!!
You die...

≈≈# #..#.........#
#.....(...# # ≈≈#
#..#.........#
#......(..# # ≈≈#
#..#..####...#
#.........# # ≈≈###..#..#
#...# #.........# #
≈≈.....#..# #...#
#.........### ≈≈.....#..#
#...# #............
≈≈.....#..# #...#
#............ ≈..##...>.#
#...# #.........##.
≈..##.###.# #...#
#.........##. ≈..##.# #[#
#.lK# #.........##.
#..##.# #[# #KO@#
#.........##. #..##.# #.#
#.OK# #.........##.
#..##)# #[# #...#
#.........##. #..##.# #.#
#...# #.........##.
#..##.# #.# #...#
#.........##. #..##.# #.#
#...# #.........##.
#..##.# #)# #...#
#.........##. #..##.# #.#
#...# #.........##.
#..##.#
#.####...####<........##.
...##.#
#.....................##.
#######
#########################


You could see 2 two-headed ogres, a komodo dragon and 3 kobolds.

Vanquished Creatures
  Harold (D:8)
  3 two-headed ogres
  An unseen horror (D:10)
  An elephant (D:9)
  Joseph (D:7)
  Sigmund (D:5)
  2 wyverns (D:9)
  2 basilisks (D:9)
  Edmund (D:4)
  A black bear (D:9)
  4 ice beasts
  2 orc warriors
  2 sky beasts
  2 phantoms
  4 ogres
  2 centaurs
  12 bullfrogs
  5 big kobolds
  4 scorpions
  13 killer bees (D:9)
  12 wights
  3 howler monkeys (D:9)
  3 bullfrog zombies
  A centaur zombie (D:6)
  3 hounds
  2 quasits
  3 orc priests
  A bullfrog skeleton (D:9)
  A centaur skeleton (D:7)
  A jelly (D:5)
  12 orc wizards
  4 iguanas
  Terence (D:2)
  8 worker ants
  2 killer bee zombies
  Robin (D:1)
  A worker ant zombie (D:7)
  12 adders
  3 gnolls (D:4)
  A shadow imp (D:2)
  5 white imps
  An ooze (D:6)
  An adder skeleton (D:4)
  A worm (D:4)
  2 dart slugs
  8 leopard geckos
  49 orcs
  4 ball pythons
  15 giant cockroaches
  14 goblins
  10 hobgoblins
  4 jackals (D:8)
  23 kobolds
  7 quokkas
  8 bats
  5 frilled lizards
  7 rats
303 creatures vanquished.

Vanquished Creatures (collateral kills)
  A queen bee (D:9)
  11 killer bees (D:9)
12 creatures vanquished.

Vanquished Creatures (others)
  A bush (D:10)
  2 fungi (D:9)
  15 plants
18 creatures vanquished.

Grand Total: 333 creatures vanquished

Notes
Turn   | Place    | Note
-------+----------+-------------------------------------------
     0 | D:1      | om the Merfolk Berserker began the quest for the Orb.
     0 | D:1      | Reached XP level 1. HP: 18/18 MP: 1/1
   280 | D:1      | Reached XP level 2. HP: 24/24 MP: 2/2
   289 | D:1      | Reached skill level 3 in Dodging
  1002 | D:1      | Reached ** piety under Trog
  1003 | D:1      | Reached XP level 3. HP: 29/29 MP: 3/3
  1010 | D:1      | Reached skill level 5 in Polearms
  1423 | D:2      | Noticed Terence
  1434 | D:2      | Killed Terence
  1530 | D:2      | Reached XP level 4. HP: 36/36 MP: 4/4
  1928 | D:2      | Noticed Robin
  1952 | D:1      | Killed Robin
  2276 | D:2      | Noticed an ogre
  2284 | D:2      | Killed an ogre
  2285 | D:2      | Reached skill level 4 in Dodging
  2285 | D:2      | Reached XP level 5. HP: 32/42 MP: 5/5
  2504 | D:2      | Found an iron altar of Okawaru.
  2510 | D:2      | Found a burning altar of Makhleb.
  2640 | D:3      | Reached XP level 6. HP: 48/48 MP: 6/6
  2869 | D:3      | Reached *** piety under Trog
  3367 | D:3      | Reached skill level 5 in Dodging
  3560 | D:3      | Found a shadowy altar of Dithmenos.
  3650 | D:4      | Reached XP level 7. HP: 50/54 MP: 7/7
  3703 | D:4      | Noticed Edmund
  3935 | D:4      | Killed Edmund
  3936 | D:4      | Reached skill level 6 in Dodging
  4086 | D:4      | Found Gagg's Antique Weapon Shop.
  4138 | D:4      | Found a glowing drain.
  4150 | Sewer    | Entered a sewer
  4458 | Sewer    | Reached skill level 7 in Dodging
  4458 | Sewer    | Reached XP level 8. HP: 58/60 MP: 8/8
  4567 | D:4      | Reached **** piety under Trog
  5050 | D:5      | Entered Level 5 of the Dungeon
  5067 | D:4      | Reached skill level 8 in Dodging
  5386 | D:5      | Found a staircase to the Ecumenical Temple.
  5419 | D:5      | Reached skill level 5 in Armour
  5580 | D:5      | Noticed Sigmund
  5591 | D:5      | Killed Sigmund
  5592 | D:5      | Reached skill level 9 in Dodging
  5663 | D:5      | Found an ornate altar of the Wu Jian Council.
  5937 | D:5      | Found a shimmering altar of Xom.
  5937 | D:5      | Found a hazy altar of Hepliaklqana.
  5944 | D:5      | Found a glowing golden altar of the Shining One.
  6020 | D:5      | Found a faded altar of an unknown god.
  6022 | D:5      | Found a faded altar of an unknown god.
  6197 | D:6      | Found a burning altar of Makhleb.
  6229 | D:6      | Found a shimmering blue altar of Sif Muna.
  6263 | D:6      | Found a broken altar of Ashenzari.
  6287 | D:6      | Reached XP level 9. HP: 65/65 MP: 9/9
  6381 | D:6      | Reached skill level 10 in Dodging
  6996 | D:7      | Reached ***** piety under Trog
  7147 | D:7      | Noticed Joseph
  7183 | D:7      | Killed Joseph
  7511 | D:7      | Found Xyveocut's Elemental Accessories.
  7728 | D:7      | Reached skill level 5 in Fighting
  7731 | D:7      | Reached skill level 1 in Evocations
  7858 | D:7      | Found a snail-covered altar of Cheibriados.
  7893 | D:7      | Found a hide-covered altar of Uskayaw.
  7893 | D:7      | Noticed a +0 hand axe
  7893 | D:7      | Noticed a +0 dagger
  8041 | D:7      | Found a glowing silver altar of Zin.
  8041 | D:7      | Found an opulent altar of Gozag.
  8205 | D:8      | Noticed Harold
  8218 | D:8      | Killed Harold
  8219 | D:8      | Reached XP level 10. HP: 76/76 MP: 10/10
  8635 | D:8      | Received a gift from Trog
  9052 | D:8      | Noticed a two-headed ogre
  9059 | D:8      | Killed a two-headed ogre
  9060 | D:8      | Reached skill level 11 in Dodging
  9219 | D:9      | Reached skill level 10 in Polearms
  9344 | D:9      | Reached skill level 5 in Evocations
  9588 | D:9      | Noticed a two-headed ogre
  9595 | D:9      | Killed a two-headed ogre
  9748 | D:9      | Found an ancient bone altar of Kikubaaqudgha.
 10092 | D:9      | Reached XP level 11. HP: 81/81 MP: 11/11
 10232 | D:9      | Reached skill level 12 in Dodging
 10281 | D:9      | Found a staircase to the Lair.
 10513 | D:9      | Got a masterwork spear
 10763 | D:9      | Received a gift from Trog
 10964 | D:10     | Entered Level 10 of the Dungeon
 11478 | D:10     | Killed an unseen horror
 11678 | D:10     | Found Weental's General Store.
 11784 | D:10     | Noticed a two-headed ogre
 11787 | D:10     | Found a blossoming altar of Fedhas.
 11791 | D:10     | Killed a two-headed ogre
 12424 | D:11     | Noticed a two-headed ogre
 12427 | D:11     | Noticed a two-headed ogre
 12438 | D:10     | Slain by a komodo dragon

Illustrated notes

Levels and vault maps discovered:
D:1:      dpeg_arrival_erosion, layout_basic
D:2:      layout_loops_ring, general_overflow_altar, makhleb_heckhound_becter,
          uniq_terence, uniq_robin
D:3:      layout_rooms, nicolae_dithmenos_through_a_glass_darkly
D:4:      layout_loops_ring, serial_shops, shop, cheibrodos_sewer_entry_sluice,
          uniq_edmund
D:5:      layout_basic, kennysheep_mini_moat,
          chequers_temple_overflow_minitemple, minmay_temple_entry_glass,
          uniq_sigmund
D:6:      layout_rooms, kennysheep_little_box, basic_altar,
          chequers_serial_rivers_micro_c, minmay_misc_feat_pillars,
          evilmike_ruin_ashenzari
D:7:      layout_cave_pools, grunt_temple_overflow_gold_and_silver,
          dancing_weapons_uskayaw, nicolae_overflow_hidden_temple,
          nicolae_elemental_shop, uniq_joseph
D:8:      layout_gridville, uniq_harold
D:9:      layout_roguey [special_room_bee], lemuel_coloured_pillars_altar,
          david_lair_generic, chequers_serial_rivers_large_b
D:10:     wander_river, layout_long_grid, serial_shops, shop,
          fedhas_altar_decomposition
D:11:     layout_rooms, uniq_grum

Skill      XL: |  1  2  3  4  5  6  7  8  9 10 11 |
---------------+----------------------------------+-----
Dodging        | 3 4 5 7 9 10 11 12 | 12.5
Polearms       | 5 6 7 8 9 10 | 10.5
Armour         | 2 3 4 5 6 7 |  7.8
Fighting       | 4 5 6 |  6.0
Evocations     | 3 6 8 |  8.3

Action                   |  1- 3 |  4- 6 |  7- 9 | 10-12 || total
-------------------------+-------+-------+-------+-------++-------
Melee: Spear             |    81 |   149 |       |       ||   230
       Trident           |       |    71 |   559 |    43 ||   673
       Tailslap          |       |       |     7 |     1 ||     8
       Glaive            |       |       |       |   208 ||   208
       Bardiche          |       |       |       |   101 ||   101
Invok: Berserk           |     1 |     4 |    10 |     7 ||    22
       Trog's Hand       |       |       |       |     1 ||     1
       Brothers in Arms  |       |       |       |     1 ||     1
  Use: Scroll            |     4 |     1 |     7 |     6 ||    18
       Potion            |       |     1 |     1 |     3 ||     5
 Stab: Sleeping          |     1 |       |     2 |       ||     3
Armor: Animal skin       |     5 |       |       |       ||     5
       Scale mail        |       |    84 |   195 |   186 ||   465
Dodge: Dodged            |    35 |   158 |   457 |   467 ||  1117
